CRL
WINSTON-SALEM SPIRITS @ PENINSULA PANTHERS
07/17/1982
 
TOP OF THE 1ST
Winston-Salem Spirits batting - Pitching for Peninsula Panthers : RHP Bill Aguilar
Pitching: RHP Bill Aguilar
Batting: SHB Mark Wiesler 0-0: Ball
1-0: Foul Ball, location: 2F
1-1: Ball
2-1: Foul Ball, location: 2F
2-2: Ball
3-2: Ground out U3 (Groundball, 3, EV 85.6 MPH)
Batting: RHB Angelo Ross 0-0: Ball
1-0: Foul Ball, location: 2F
1-1: Ball
2-1: Foul Ball, location: 2F
2-2: Strikes out swinging
Batting: LHB Michael Ward 0-0: Called Strike
0-1: Called Strike
0-2: Foul Ball, location: 2F
0-2: Ball
1-2: Ball
2-2: Foul Ball, location: 2F
2-2: Strikes out looking
Top of the 1st over - 0 runs, 0 hits, 0 errors, 0 left on base; Winston-Salem 0 - Peninsula 0
BOTTOM OF THE 1ST
Peninsula Panthers batting - Pitching for Winston-Salem Spirits : RHP Guy Findeisen
Pitching: RHP Guy Findeisen
Batting: SHB Vince Coleman 0-0: Called Strike
0-1: Foul Ball, location: 2F
0-2: Foul Ball, location: 2F
0-2: Strikes out swinging
Batting: LHB Randy Harvey 0-0: Called Strike
0-1: Foul Ball, location: 2F
0-2: Ball
1-2: Strikes out swinging
Batting: RHB David Stokes 0-0: Fly out, F8 (Flyball, 8LD, EV 107.5 MPH)
Bottom of the 1st over - 0 runs, 0 hits, 0 errors, 0 left on base; Winston-Salem 0 - Peninsula 0
TOP OF THE 2ND
Winston-Salem Spirits batting - Pitching for Peninsula Panthers : RHP Bill Aguilar
Batting: RHB Elijah Ben 0-0: Ball
1-0: Fly out, F8 (Flyball, 8LM, EV 95.0 MPH)
Batting: RHB Ronald Harper 0-0: Fly out, F7 (Flyball, 7D, EV 76.3 MPH)
Batting: RHB Greg Olson 0-0: Ball
1-0: Fly out, F7 (Line Drive, 7, EV 86.3 MPH)
Top of the 2nd over - 0 runs, 0 hits, 0 errors, 0 left on base; Winston-Salem 0 - Peninsula 0
BOTTOM OF THE 2ND
Peninsula Panthers batting - Pitching for Winston-Salem Spirits : RHP Guy Findeisen
Batting: LHB Ted French 0-0: Ball
1-0: Foul Ball, location: 2F
1-1: Ground out 6-3 (Groundball, 6, EV 108.1 MPH)
Batting: SHB Steven Malito 0-0: Fly out, F7 (Line Drive, 7, EV 93.8 MPH)
Batting: SHB Romel Beck 0-0: Foul Ball, location: 2F
0-1: Ball
1-1: Ball
2-1: Fly out, F5 (Popup, 5SF, EV 79.4 MPH)
Bottom of the 2nd over - 0 runs, 0 hits, 0 errors, 0 left on base; Winston-Salem 0 - Peninsula 0
TOP OF THE 3RD
Winston-Salem Spirits batting - Pitching for Peninsula Panthers : RHP Bill Aguilar
Batting: RHB Larry Reasonover 0-0: Called Strike
0-1: Ball
1-1: Ground out 6-3 (Groundball, 6, EV 103.1 MPH)
Batting: RHB James Poff 0-0: Ball
1-0: Foul Ball, location: 2F
1-1: Ball
2-1: Ball
3-1: Foul Ball, location: 2F
3-2: TRIPLE (Line Drive, 78XD, EV 100.6 MPH)
Batting: RHB Venson Davis 0-0: Ball
1-0: 2-RUN HOME RUN (Flyball, 7D, EV 108.1 MPH), Distance : 364 ft
Batting: SHB Mark Wiesler 0-0: Ball
1-0: Ball
2-0: Ball
3-0: Base on Balls
Batting: RHB Angelo Ross 0-0: Ball
1-0: Ground out 4-3 (Groundball, 34S, EV 63.8 MPH)
Mark Wiesler to second
Batting: LHB Michael Ward 0-0: Ball
1-0: Ball
2-0: Foul Ball, location: 2F
2-1: Foul Ball, location: 2F
2-2: Ball
3-2: Base on Balls
Batting: RHB Elijah Ben 0-0: Called Strike
0-1: Foul Ball, location: 2F
0-2: Ball
1-2: Ball
2-2: Fielders Choice at 2nd, 6-4 (Groundball, 6, EV 85.0 MPH)
Top of the 3rd over - 2 runs, 2 hits, 0 errors, 2 left on base; Winston-Salem 2 - Peninsula 0
BOTTOM OF THE 3RD
Peninsula Panthers batting - Pitching for Winston-Salem Spirits : RHP Guy Findeisen
Batting: RHB Lawrence McGee 0-0: Called Strike
0-1: Foul Ball, location: 2F
0-2: Ball
1-2: Strikes out swinging
Batting: RHB David Stevens 0-0: Foul Ball, location: 2F
0-1: Swinging Strike
0-2: Foul Ball, location: 2F
0-2: Fly out, F7 (Flyball, 7LS, EV 81.9 MPH)
Batting: RHB Jose Barreto 0-0: Called Strike
0-1: Foul Ball, location: 2F
0-2: Strikes out swinging
Bottom of the 3rd over - 0 runs, 0 hits, 0 errors, 0 left on base; Winston-Salem 2 - Peninsula 0
TOP OF THE 4TH
Winston-Salem Spirits batting - Pitching for Peninsula Panthers : RHP Bill Aguilar
Batting: RHB Ronald Harper 0-0: Called Strike
0-1: Ball
1-1: Ball
2-1: Foul Ball, location: 2F
2-2: Foul Ball, location: 2F
2-2: Ball
3-2: Fly out, F6 (Popup, 6D, EV 58.8 MPH)
Batting: RHB Greg Olson 0-0: Foul Ball, location: 2F
0-1: Ball
1-1: Foul Ball, location: 2F
1-2: Foul Ball, location: 2F
1-2: Reached on error, E2 (Groundball, 2L, EV 70.0 MPH)
Batting: RHB Larry Reasonover 0-0: Ground out 4-3 (Groundball, 4, EV 99.4 MPH)
Greg Olson to third
Batting: RHB James Poff 0-0: Called Strike
0-1: Foul Ball, location: 2F
0-2: Strikes out swinging
Top of the 4th over - 0 runs, 0 hits, 1 error, 1 left on base; Winston-Salem 2 - Peninsula 0
BOTTOM OF THE 4TH
Peninsula Panthers batting - Pitching for Winston-Salem Spirits : RHP Guy Findeisen
Batting: SHB Vince Coleman 0-0: Called Strike
0-1: Called Strike
0-2: Ball
1-2: Strikes out swinging
Batting: LHB Randy Harvey 0-0: Called Strike
0-1: Ball
1-1: Foul Ball, location: 2F
1-2: Ball
2-2: Ball
3-2: SINGLE (Line Drive, 6D, EV 98.8 MPH)
Batting: RHB David Stokes 0-0: Hit by Pitch
Randy Harvey to second
Batting: LHB Ted French 0-0: Grounds into double play, 4-6-3 (Groundball, 4, EV 100.6 MPH)
Bottom of the 4th over - 0 runs, 1 hit, 0 errors, 1 left on base; Winston-Salem 2 - Peninsula 0
TOP OF THE 5TH
Winston-Salem Spirits batting - Pitching for Peninsula Panthers : RHP Bill Aguilar
Batting: RHB Venson Davis 0-0: Ground out 5-3 (Groundball, 5L, EV 90.6 MPH)
Batting: SHB Mark Wiesler 0-0: Swinging Strike
0-1: Foul Ball, location: 2F
0-2: Ball
1-2: Ball
2-2: Ball
3-2: Base on Balls
Batting: RHB Angelo Ross 0-0: Ball
1-0: Ball
2-0: Ground out 5-3 (Groundball, 56S, EV 64.4 MPH)
Mark Wiesler to second
Batting: LHB Michael Ward 0-0: Ball
1-0: Ball
2-0: Called Strike
2-1: Foul Ball, location: 2F
2-2: Fly out, F6 (Popup, 6MS, EV 80.0 MPH)
Top of the 5th over - 0 runs, 0 hits, 0 errors, 1 left on base; Winston-Salem 2 - Peninsula 0
BOTTOM OF THE 5TH
Peninsula Panthers batting - Pitching for Winston-Salem Spirits : RHP Guy Findeisen
Batting: SHB Steven Malito 0-0: Called Strike
0-1: Ball
1-1: Foul Ball, location: 2F
1-2: Ball
2-2: Foul Ball, location: 2F
2-2: Foul Ball, location: 2F
2-2: Ball
3-2: Fly out, F8 (Flyball, 8LD, EV 83.8 MPH)
Batting: SHB Romel Beck 0-0: Called Strike
0-1: Ball
1-1: Foul Ball, location: 2F
1-2: Ball
2-2: Foul Ball, location: 2F
2-2: Fly out, F8 (Flyball, 8LD, EV 75.0 MPH)
Batting: RHB Lawrence McGee 0-0: Foul Ball, location: 2F
0-1: Ball
1-1: Ball
2-1: Foul Ball, location: 2F
2-2: Fly out, F6 (Popup, 4M, EV 56.3 MPH)
Bottom of the 5th over - 0 runs, 0 hits, 0 errors, 0 left on base; Winston-Salem 2 - Peninsula 0
TOP OF THE 6TH
Winston-Salem Spirits batting - Pitching for Peninsula Panthers : RHP Bill Aguilar
Batting: RHB Elijah Ben 0-0: Foul Ball, location: 2F
0-1: Foul Ball, location: 2F
0-2: Ball
1-2: Ground out 6-3 (Groundball, 56, EV 81.9 MPH)
Batting: RHB Ronald Harper 0-0: Ball
1-0: Swinging Strike
1-1: Foul Ball, location: 2F
1-2: Fly out, F8 (Flyball, 8RS, EV 83.8 MPH)
Batting: RHB Greg Olson 0-0: Called Strike
0-1: Swinging Strike
0-2: Foul Ball, location: 2F
0-2: Ball
1-2: Strikes out looking
Top of the 6th over - 0 runs, 0 hits, 0 errors, 0 left on base; Winston-Salem 2 - Peninsula 0
BOTTOM OF THE 6TH
Peninsula Panthers batting - Pitching for Winston-Salem Spirits : RHP Guy Findeisen
Batting: RHB David Stevens 0-0: Called Strike
0-1: Ball
1-1: Called Strike
1-2: Ground out 6-3 (Groundball, 6, EV 110.0 MPH)
Batting: RHB Jose Barreto 0-0: Called Strike
0-1: Ball
1-1: Ball
2-1: Ball
3-1: Base on Balls
Batting: SHB Vince Coleman 0-0: Fly out, F4 (Line Drive, 4, EV 73.8 MPH)
Batting: LHB Randy Harvey 0-0: Fly out, F4 (Flyball, 34D, EV 82.5 MPH)
Bottom of the 6th over - 0 runs, 0 hits, 0 errors, 1 left on base; Winston-Salem 2 - Peninsula 0
TOP OF THE 7TH
Winston-Salem Spirits batting - Pitching for Peninsula Panthers : RHP Bill Aguilar
Batting: RHB Larry Reasonover 0-0: Ball
1-0: Foul Ball, location: 2F
1-1: Ground out 6-3 (Groundball, 6, EV 86.3 MPH)
Batting: RHB James Poff 0-0: Called Strike
0-1: Foul Ball, location: 2F
0-2: Strikes out swinging
Batting: RHB Venson Davis 0-0: Called Strike
0-1: SINGLE (Flyball, 3D, EV 92.5 MPH)
Batting: SHB Mark Wiesler 0-0: Ball
1-0: Called Strike
1-1: Ball
2-1: Ball
3-1: Called Strike
3-2: Ground out 5-3 (Groundball, 56, EV 92.5 MPH)
Top of the 7th over - 0 runs, 1 hit, 0 errors, 1 left on base; Winston-Salem 2 - Peninsula 0
BOTTOM OF THE 7TH
Peninsula Panthers batting - Pitching for Winston-Salem Spirits : RHP Guy Findeisen
Batting: RHB David Stokes 0-0: Called Strike
0-1: Foul Ball, location: 2F
0-2: Ball
1-2: Strikes out swinging
Batting: LHB Ted French 0-0: Ball
1-0: Ball
2-0: Swinging Strike
2-1: Ball
3-1: Base on Balls
Batting: SHB Steven Malito 0-0: Ball
1-0: Ball
2-0: Foul Ball, location: 2F
2-1: 2-RUN HOME RUN (Line Drive, 9D, EV 101.3 MPH), Distance : 380 ft
Batting: SHB Romel Beck 0-0: Ball
1-0: Foul Ball, location: 2F
1-1: Swinging Strike
1-2: Ground out 4-3 (Groundball, 4, EV 83.8 MPH)
Batting: RHB Lawrence McGee 0-0: Called Strike
0-1: Ball
1-1: Ball
2-1: SINGLE (Groundball, 6MD, EV 110.6 MPH)
Batting: RHB David Stevens 0-0: Ball
1-0: Called Strike
1-1: Foul Ball, location: 2F
1-2: SINGLE (Flyball, 78S, EV 88.1 MPH)
Lawrence McGee to second
Batting: RHB Jose Barreto 0-0: Ball
1-0: Foul Ball, location: 2F
1-1: Fly out, F5 (Popup, 5SF, EV 81.9 MPH)
Bottom of the 7th over - 2 runs, 3 hits, 0 errors, 2 left on base; Winston-Salem 2 - Peninsula 2
TOP OF THE 8TH
Winston-Salem Spirits batting - Pitching for Peninsula Panthers : RHP Bill Aguilar
Batting: RHB Angelo Ross 0-0: Called Strike
0-1: Ground out U3 (Groundball, 34S, EV 83.1 MPH)
Batting: LHB Michael Ward 0-0: Swinging Strike
0-1: Called Strike
0-2: Strikes out swinging
Batting: RHB Elijah Ben 0-0: Called Strike
0-1: SINGLE (Groundball, 4S, EV 64.4 MPH) (infield hit)
Batting: RHB Ronald Harper 0-0: Called Strike
0-1: Called Strike
0-2: Ball
Elijah Ben steals 2nd base (no throw)
1-2: Ball
2-2: Strikes out swinging
Top of the 8th over - 0 runs, 1 hit, 0 errors, 1 left on base; Winston-Salem 2 - Peninsula 2
BOTTOM OF THE 8TH
Peninsula Panthers batting - Pitching for Winston-Salem Spirits : RHP Guy Findeisen
Batting: SHB Vince Coleman 0-0: Reached on error, E4 (Groundball, 34, EV 103.8 MPH)
Batting: LHB Randy Harvey 0-0: Called Strike
0-1: Fly out, F8 (Flyball, 8LM, EV 76.9 MPH)
Batting: RHB David Stokes 0-0: Ball
Vince Coleman steals 2nd base
1-0: Swinging Strike
1-1: Ball
2-1: Ball
3-1: Called Strike
3-2: Fly out, F9 (Flyball, 9S, EV 89.4 MPH)
Batting: LHB Ted French 0-0: Fly out, F7 (Flyball, 7D, EV 92.5 MPH)
Bottom of the 8th over - 0 runs, 0 hits, 1 error, 1 left on base; Winston-Salem 2 - Peninsula 2
TOP OF THE 9TH
Winston-Salem Spirits batting - Pitching for Peninsula Panthers : RHP Bill Aguilar
Pitching: RHP Steve Daniels
Batting: RHB Greg Olson 0-0: DOUBLE (Line Drive, 7LM, EV 110.0 MPH)
Batting: RHB Larry Reasonover 0-0: DOUBLE (Line Drive, 9LM, EV 109.4 MPH)
Greg Olson scores
Batting: RHB James Poff 0-0: Ball
1-0: Ball
2-0: Ball
3-0: Base on Balls
Batting: RHB Venson Davis 0-0: Foul Ball, location: 2F
0-1: Swinging Strike
0-2: 3-RUN HOME RUN (Flyball, 7D, EV 103.1 MPH), Distance : 355 ft
Pitching: RHP S. Butler
Batting: SHB Mark Wiesler 0-0: Ball
1-0: Swinging Strike
1-1: Ground out 5-3 (Groundball, 56, EV 84.4 MPH)
Pitching: RHP Jed Murray
Batting: RHB Angelo Ross 0-0: Fly out, F7 (Flyball, 7, EV 93.8 MPH)
Batting: LHB Michael Ward 0-0: Called Strike
0-1: Foul Ball, location: 2F
0-2: Ball
1-2: SINGLE (Line Drive, 89S, EV 98.1 MPH)
Batting: RHB Elijah Ben 0-0: Ball
1-0: Called Strike
1-1: Foul Ball, location: 2F
1-2: Strikes out looking
Top of the 9th over - 4 runs, 4 hits, 0 errors, 1 left on base; Winston-Salem 6 - Peninsula 2
BOTTOM OF THE 9TH
Peninsula Panthers batting - Pitching for Winston-Salem Spirits : RHP Guy Findeisen
Pitching: RHP Rusty Shelton
Batting: SHB Steven Malito 0-0: Ball
1-0: Foul Ball, location: 2F
1-1: Called Strike
1-2: Foul Ball, location: 2F
1-2: Foul Ball, location: 2F
1-2: Ground out 6-3 (Groundball, 6, EV 99.4 MPH)
Batting: SHB Romel Beck 0-0: Called Strike
0-1: SINGLE (Groundball, 3D, EV 104.4 MPH)
Batting: RHB Lawrence McGee 0-0: Foul Ball, location: 2F
0-1: Foul Ball, location: 2F
0-2: Ball
1-2: Ball
2-2: Foul Ball, location: 2F
2-2: Foul Ball, location: 2F
2-2: Foul Ball, location: 2F
2-2: Ball
3-2: SINGLE (Line Drive, 56, EV 96.9 MPH)
Romel Beck to second
Batting: RHB David Stevens 0-0: Ball
1-0: Fly out, F4 (Flyball, 4D, EV 91.9 MPH)
Batting: RHB Jose Barreto 0-0: Called Strike
0-1: Foul Ball, location: 2F
0-2: Ball
1-2: Foul Ball, location: 2F
1-2: Ball
2-2: SINGLE (Line Drive, 8RS, EV 106.9 MPH)
Romel Beck to third
Lawrence McGee to second
Batting: SHB Vince Coleman 0-0: Ball
1-0: Foul Ball, location: 2F
1-1: SINGLE (Groundball, 34D, EV 85.6 MPH) (infield hit)
Romel Beck scores
Lawrence McGee to third
Jose Barreto to second
Batting: LHB Randy Harvey 0-0: Ball
1-0: Ball
2-0: Foul Ball, location: 2F
2-1: Swinging Strike
2-2: Foul Ball, location: 2F
2-2: Ball
3-2: Foul Ball, location: 2F
3-2: Foul Ball, location: 2F
3-2: Foul Ball, location: 2F
3-2: Fly out, F9 (Flyball, 9LS, EV 89.4 MPH)
Bottom of the 9th over - 1 run, 4 hits, 0 errors, 3 left on base; Winston-Salem 6 - Peninsula 3
Friday, August 14th, 2020 - OOTP Baseball 21.5 Build 76